 Dungeon Crawl Stone Soup version 0.30-a0-374-g95c0257040 (webtiles) character file.

Game seed: 12881243372528690973

71 MTVSty1e the Poker (level 4, 0/39 HPs)
             Began as a Minotaur Gladiator on Nov 26, 2022.
             Killed from afar by an orc wizard (10 damage)
             ... with a puff of flame
             ... on level 3 of the Dungeon.
             The game lasted 00:01:40 (1219 turns).

MTVSty1e the Poker (Minotaur Gladiator)             Turns: 1219, Time: 00:01:40

Health: 0/39       AC:  6    Str: 21    XL:     4   Next: 5%
Magic:  3/3        EV: 11    Int:  5    God:
Gold:   185        SH:  0    Dex: 11    Spells: 3/3 levels left

rFire   . . .      SeeInvis .    a - +0 trident
rCold   . . .      Faith    .    (no shield)
rNeg    . . .      Spirit   .    n - +0 ring mail
rPois   +          Reflect  .    c - +0 hat
rElec   .          Harm     .    (no cloak)
rCorr   .          Rampage  .    j - +0 pair of gloves
Will    .....                    (no boots)
Stlth   +.........               (no amulet)
HPRegen 0.26/turn                f - ring of poison resistance
MPRegen 0.08/turn                (no ring)

@: no status effects
A: horns 2, retaliatory headbutt
a: no special abilities


You were on level 3 of the Dungeon.
You visited 1 branch of the dungeon, and saw 3 of its levels.

You collected 185 gold pieces.

Inventory:

Hand Weapons
 a - a +0 trident (weapon)
Missiles
 d - 3 throwing nets (quivered)
 e - a javelin
Armour
 b - a +0 leather armour
 c - a +0 hat (worn)
 j - a +0 pair of gloves (worn)
 n - a +0 ring mail (worn)
Jewellery
 f - a ring of poison resistance (left hand)
Scrolls
 h - a scroll of magic mapping {unknown}
 i - a scroll of vulnerability {unknown}
Potions
 g - a potion of resistance {unknown}
 k - a potion of curing {unknown}
 l - a potion of heal wounds {unknown}
 m - a potion of might {unknown}


   Skills:
 + Level 3.6 Fighting
 * Level 5.3 Polearms
 - Level 2.0 Throwing
 - Level 3.2 Dodging


You had 3 spell levels left.
You didn't know any spells.
Your spell library contained the following spells:

 Spells                   Type           Power      Damage    Failure   Level
 Leda's Liquefaction      Hex/Erth       0%         N/A       100%        4
 Yara's Violent Unravell  Hex/Tmut       0%         3d3       100%        5
 Death Channel            Necr           0%         N/A       100%        6


Dungeon Overview and Level Annotations

Branches:
Dungeon (2/15)

Altars:
Yredelemnul

Shops:
D:3 [

Annotations:
D:2 Sigmund


Innate Abilities, Weirdness & Mutations

You have a pair of horns on your head.
You reflexively headbutt those who attack you in melee.


Message History

The orc attacks as you move away! The orc hits you with a +0 dagger.
You are too injured to fight recklessly!
You closely miss the orc. You headbutt the orc!
You kill the orc!
You have reached level 4!
You feel stronger. The orc closely misses you. You furiously retaliate!
You headbutt the orc.
You kill the orc!
Things that are here:
a +0 dagger; an orc corpse You barely miss something.
Your headbutt misses something. Something hits you.
You hear some strange, mumbled words.
You completely miss something. Your headbutt misses something.
You miss something. Your headbutt misses something.
You hear some strange, mumbled words.
Something hits you.
* * * LOW HITPOINT WARNING * * *
Things that are here:
a +0 dagger; a viscous clear potion You barely miss something.
Your headbutt misses something. Something hits you but does no damage.
Something shouts, "What's happening?!"
You miss something. Your headbutt misses something.
You hear some strange, mumbled words.
Something tries to affect you, but you resist.
You hear some strange, mumbled words.
A puff of flame appears from out of thin air!
The puff of flame hits you.
* * * LOW HITPOINT WARNING * * *
Things that are here:
a +0 dagger; an orc corpse Something hits you.
* * * LOW HITPOINT WARNING * * *
Things that are here:
a +0 dagger; an orc corpse You hit something but do no damage.
You headbutt something.
You hear some strange, mumbled words.
A puff of flame appears from out of thin air!
The puff of flame hits you!
You die...

..#.#.†.###.# #.#
.##...>.....####.#
.#######.#....##.#
........<..##..#.#
.................##
##.######.##......####
#.# ###.###...)....#
#.####.......##{#..?..
##......#...####@# ###
....####..#.## #.#
##.## ##.##..###.# #.#
#..###...#.##
#.####.##
###....###### #.#....#
###....#.#### #.#.####
##.###....# #.#.# #.#
#....# #.#.#
####.#####..#


There were no monsters in sight!

Vanquished Creatures
  A worm (D:3)
  A dart slug (D:1)
  3 orcs (D:3)
  3 ball pythons
  5 bats
  8 endoplasms
  4 giant cockroaches (D:1)
  7 hobgoblins
  2 jackals (D:1)
  5 kobolds
  2 quokkas
  4 frilled lizards
  5 goblins
  5 rats (D:1)
55 creatures vanquished.

Vanquished Creatures (others)
  3 withered plants (D:3)
3 creatures vanquished.

Grand Total: 58 creatures vanquished

Notes
Turn   | Place    | Note
-------+----------+-------------------------------------------
     0 | D:1      | MTVSty1e the Minotaur Gladiator began the quest for the
                  | Orb.
     0 | D:1      | Reached XP level 1. HP: 18/18 MP: 0/0
    95 | D:1      | Reached skill level 4 in Polearms
   146 | D:1      | Reached XP level 2. HP: 25/25 MP: 1/1
   361 | D:1      | Reached XP level 3. HP: 31/31 MP: 2/2
   741 | D:2      | Noticed Sigmund
   786 | D:2      | You fall into a shaft and drop 1 floor!
   792 | D:3      | Found Qiraguatt's Antique Armour Boutique.
   800 | D:3      | Reached skill level 5 in Polearms
   803 | D:3      | Found a basalt altar of Yredelemnul.
   971 | D:3      | Got the Collected Works on Fey Left-Handed Rites
  1209 | D:3      | Reached XP level 4. HP: 16/38 MP: 3/3
  1219 | D:3      | Killed from afar by an orc wizard

Illustrated notes

Levels and vault maps discovered:
D:1:      dpeg_arrival_short_road, layout_basic, amethyst_killhole,
          skrybe_limestone_x
D:2:      minmay_angry_zag, layout_rooms, basic_altar, serial_shops,
          nicolae_diamond_shop, minmay_pentomino_s4, uniq_sigmund
D:3:      layout_rooms, overflow_temple_1_default,
          shapermc_ecumenical_altar_flowoftime, serial_shops,
          nicolae_shop_crystal, portal_sewer_entry_b, kennysheep_nondescript,
          minmay_misc_feat_doors

Skill      XL: |  1  2  3 |
---------------+----------+-----
Polearms       | 4 5 |  5.3
Fighting       | 3 |  3.6
Throwing       | |  2.0
Dodging        | |  3.2

Action                   |  1- 3 |  4- 6 || total
-------------------------+-------+-------++-------
Melee: Trident           |   106 |     6 ||   112
       Headbutt          |    16 |     1 ||    17
       Punch             |     1 |       ||     1
  Use: Scroll            |     2 |       ||     2
 Stab: Sleeping          |     2 |       ||     2
Armor: Leather armour    |    17 |       ||    17
       Ring mail         |     6 |     1 ||     7
Dodge: Dodged            |    42 |     1 ||    43

Table legend: (Time is in decaauts)
 A = Elapsed time spent in this place.
 B = Non-inter-level travel time spent in this place.
 C = Inter-level travel time spent in this place.
 D = Time resting spent in this place.
 E = Time spent auto-exploring this place.
 F = Levels seen in this place.
 G = Mean time per level.
                   A        B        C        D        E       F      G
               +--------+--------+--------+--------+--------+-----+--------+
         Total |   1225 |   1175 |     50 |      0 |    882 |   3 |  408.3 |
       Dungeon |   1225 |   1175 |     50 |      0 |    882 |   3 |  408.3 |
               +--------+--------+--------+--------+--------+-----+--------+

Top non-repeatable levels by time:
     D:1: 784 daAuts
     D:3: 434 daAuts
     D:2: 5 daAuts
